SAN JOSE Sharks vs CAROLINA Hurricanes

Created - 18 février 2024 at 08:14

Goals
1 2 3 T
SAN JOSE Sharks 0 3 0 3
CAROLINA Hurricanes 2 0 2 4
Shots
1 2 3 T
SAN JOSE Sharks 10 13 6 29
CAROLINA Hurricanes 12 5 11 28

1st period

1. CAROLINA Hurricanes , Brady Tkachuk 3 (Travis Konecny 4, Devon Toews 6) at 1:14
2. CAROLINA Hurricanes , David Perron 3 (Brandon Montour 3, Blake Lizotte 1) at 19:50

Penalties :
David Perron (CAR) for Delaying the game (Minor) at 11:18, Devon Toews (CAR) for Holding (Minor) at 12:37, Sam Bennett (SJS) for High sticking (Minor) at 16:43

2nd period

3. SAN JOSE Sharks , Evander Kane 1 (Sam Bennett 3, Andrew Mangiapane 7) at 1:59 (PP)
4. SAN JOSE Sharks , John Tavares 4 (Joe Pavelski 3, Kyle Connor 5) at 2:34 (PP)
5. SAN JOSE Sharks , Sam Bennett 5 (Andrew Mangiapane 8, Jack Johnson 2) at 16:22

Penalties :
Kris Letang (CAR) for High sticking (Minor) at 1:35, David Perron (CAR) for Hooking (Minor) at 2:04, Jack Johnson (SJS) for Holding Stick (Minor) at 2:48, Devon Toews (CAR) for Holding (Minor) at 4:05, Cam Atkinson (SJS) for Slashing (Minor) at 6:05

3rd period

6. CAROLINA Hurricanes , Mika Zibanejad 3 (Elias Pettersson 4, William Nylander 4) at 3:19
7. CAROLINA Hurricanes , Devon Toews 2 (Travis Konecny 5) at 4:37 (PP)

Penalties :
Brayden McNabb (SJS) for Cross-checking (Minor) at 3:31

Goalie Stats

Ville Husso (SJS), 24 saves from 28 shots - (0,857), L, 2-4-2, 59:01 minutes
Alexandar Georgiev (CAR), 26 saves from 29 shots - (0,897), W, 7-1-1, 60:00 minutes

Players Stats for SAN JOSE Sharks

Player Name              G  A  P  +/- PIM S  H  SB GA TA FO     MP     PP MP  PK MP  
------------------------------------------------------------------------------------
Andrew Mangiapane        0  2  2   0  0   4  1  0  0  0  0/0    16:44   2:53   0:00 
Austin Watson            0  0  0  -1  0   0  2  0  0  0  0/0     7:16   0:00   0:36 
Brayden McNabb           0  0  0  -1  2   3  4  3  0  0  0/0    24:14   2:50   2:37 
Brett Howden             0  0  0  -1  0   2  1  0  0  0  1/5     6:40   0:00   0:00 
Cam Atkinson             0  0  0  -1  2   0  0  0  0  0  0/1    11:00   0:00   0:00 
Cody Ceci                0  0  0  -1  0   0  0  1  0  0  0/0    25:21   2:50   3:43 
Evander Kane             1  0  1   0  0   2  1  0  0  0  0/0    16:44   2:53   0:00 
Jack Johnson             0  1  1   0  2   0  1  1  0  0  0/0    19:51   2:39   3:15 
Joe Pavelski             0  1  1   0  0   4  0  1  0  0  1/1    18:32   2:36   0:00 
John Klingberg           0  0  0   0  0   3  0  1  0  0  0/0    18:54   2:39   2:38 
John Tavares             1  0  1   0  0   3  3  0  0  0  12/28  23:15   2:36   4:15 
Kyle Connor              0  1  1   0  0   2  0  0  0  0  0/1    23:04   2:36   4:04 
Matias Maccelli          0  0  0  -1  0   1  0  0  0  0  0/0     6:40   0:00   0:00 
Matt Nieto               0  0  0  -1  0   0  1  1  0  0  0/0    12:56   0:00   1:41 
Nick Cousins             0  0  0  -1  0   0  3  0  0  0  6/10   11:54   0:00   0:53 
Oliver Kylington         0  0  0  -1  0   0  1  1  0  0  0/0    15:21   0:00   0:00 
Sam Bennett              1  1  2   0  2   5  3  0  0  0  9/25   18:10   2:53   1:13 
Troy Stecher             0  0  0  -1  0   0  1  2  0  0  0/0    16:17   0:00   0:29 

Players Stats for CAROLINA Hurricanes

Player Name              G  A  P  +/- PIM S  H  SB GA TA FO     MP     PP MP  PK MP  
------------------------------------------------------------------------------------
Adam Fox                 0  0  0   1  0   2  0  2  0  0  0/0    24:46   3:07   2:50 
Blake Lizotte            0  1  1   1  0   1  0  0  0  0  7/9    11:04   0:00   0:00 
Brady Tkachuk            1  0  1   1  0   3  1  0  0  0  1/1    20:31   3:56   3:28 
Brandon Montour          0  1  1   1  0   3  3  0  0  0  0/0    24:27   3:07   2:31 
David Perron             1  0  1   1  4   2  3  0  0  0  0/0    14:45   2:25   1:04 
Derek Ryan               0  0  0  -1  0   3  0  0  0  0  6/10    8:29   0:00   0:00 
Devon Toews              1  1  2   1  4   2  0  3  0  0  0/0    19:47   3:13   1:08 
Elias Pettersson         0  1  1   1  0   1  0  1  0  0  3/5    19:38   2:25   1:43 
Evgeny Svechnikov        0  0  0  -1  0   0  1  0  0  0  1/1     8:29   0:00   0:00 
Filip Forsberg           0  0  0   1  0   1  0  0  0  0  0/1    11:04   0:00   0:00 
Kris Letang              0  0  0   1  2   0  8  1  0  0  0/0    21:37   3:14   2:30 
Mika Zibanejad           1  0  1   1  0   3  3  0  0  0  16/28  23:38   3:56   3:33 
Nazem Kadri              0  0  0   1  0   0  0  1  0  0  7/13   12:44   0:00   0:30 
Niko Mikkola             0  0  0   0  0   0  2  1  0  0  0/0    13:27   0:00   0:00 
Noah Cates               0  0  0  -1  0   1  0  0  0  0  0/1     8:29   0:00   0:00 
Rasmus Ristolainen       0  0  0   0  0   1  3  4  0  0  0/0    15:53   0:00   1:58 
Travis Konecny           0  2  2   1  0   3  0  0  0  0  0/0    14:39   2:25   0:00 
William Nylander         0  1  1   1  0   2  2  0  0  0  1/2    19:37   3:56   0:00 

3 Stars

1 - Mika Zibanejad (CAR)
2 - Brady Tkachuk (CAR)
3 - Sam Bennett (SJS)

Power Play

SAN JOSE Sharks - 2 on 5 Attempt(s) - 40,00%
CAROLINA Hurricanes - 1 on 4 Attempt(s) - 25,00%

Penalty Kill

SAN JOSE Sharks - 3 on 4 Attempt(s) - 75,00% - Score 0 goal in Penalty Kill
CAROLINA Hurricanes - 3 on 5 Attempt(s) - 60,00% - Score 0 goal in Penalty Kill

Team Stat

SAN JOSE Sharks - Hits : 22 - Faceoff Wins : 29 - Blocked Shots : 11 - Penalty Minutes : 8
CAROLINA Hurricanes - Hits : 26 - Faceoff Wins : 42 - Blocked Shots : 13 - Penalty Minutes : 10

Official

Referees : Francis Charron and Cody Beach
Linesman : Ryan Gibbons and Jonny Murray

Game Notes

No Game Note

Finance

Level 1 -- Attendance: 5211 (86,85%) -- Ticket Income $521,100
Level 2 -- Attendance: 4076 (81,52%) -- Ticket Income $244,560
Level 3 -- Attendance: 1837 (91,85%) -- Ticket Income $64,295
Level 4 -- Attendance: 3982 (99,55%) -- Ticket Income $79,640
Luxury Box -- Attendance: 787 (78,70%) -- Ticket Income $157,400
Game was played at the PNC Arena.
Total Attendance: 15893 (88,29%)
Total Ticket Income: $1,066,995
Other Income: $266,749
Total Income: $1,333,744

SAN JOSE Sharks

5 vs 5 Forward 
   Center                   Left Wing                Right Wing               Time % Phy DF OF 
 1 John Tavares             Kyle Connor              Joe Pavelski             40     1   2  2  
 2 Sam Bennett              Evander Kane             Andrew Mangiapane        30     1   2  2  
 3 Nick Cousins             Matt Nieto               Cam Atkinson             20     1   2  2  
 4 Brett Howden             Matias Maccelli          Austin Watson            10     1   2  2  

5 vs 5 Defense 
   Defense                  Defense                                           Time % Phy DF OF 
 1 Brayden McNabb           Cody Ceci                                         40     1   2  2  
 2 John Klingberg           Jack Johnson                                      30     1   2  2  
 3 Troy Stecher             Oliver Kylington                                  20     1   2  2  
 4 Brayden McNabb           Cody Ceci                                         10     1   2  2  

PowerPlay Forward 
   Center                   Left Wing                Right Wing               Time % Phy DF OF 
 1 John Tavares             Kyle Connor              Joe Pavelski             60     1   2  2  
 2 Sam Bennett              Evander Kane             Andrew Mangiapane        40     1   2  2  

PowerPlay Defense
   Defense                  Defense                                           Time % Phy DF OF 
 1 Brayden McNabb           Cody Ceci                                         60     1   2  2  
 2 John Klingberg           Jack Johnson                                      40     1   2  2  

Penalty Kill 4 Players Forward 
   Center                   Wing                     Time % Phy DF OF 
 1 John Tavares             Kyle Connor              60     1   2  2  
 2 Sam Bennett              Matt Nieto               40     1   2  2  

Penalty Kill 4 Players Defense
   Defense                  Defense                  Time % Phy DF OF 
 1 Brayden McNabb           Cody Ceci                60     1   2  2  
 2 John Klingberg           Jack Johnson             40     1   2  2  

Penalty Kill - 3 Players Forward 
   Forward                                           Time % Phy DF OF 
 1 John Tavares                                      60     1   2  2  
 2 Sam Bennett                                       40     1   2  2  

Penalty Kill - 3 Players Defense
   Defense                  Defense                  Time % Phy DF OF 
 1 Brayden McNabb           Cody Ceci                60     1   2  2  
 2 John Klingberg           Jack Johnson             40     1   2  2  

4 vs 4 Forward 
   Center                   Wing                     Time % Phy DF OF 
 1 John Tavares             Kyle Connor              60     1   2  2  
 2 Sam Bennett              Matt Nieto               40     1   2  2  

4 vs 4 Defense
   Defense                  Defense                  Time % Phy DF OF 
 1 Brayden McNabb           Cody Ceci                60     1   2  2  
 2 John Klingberg           Jack Johnson             40     1   2  2  

Last Minutes Offensive
   Center                   Left Wing                Right Wing               Defense                  Defense                  
   John Tavares             Kyle Connor              Joe Pavelski             Brayden McNabb           Cody Ceci                

Last Minutes Defensive
   Center                   Left Wing                Right Wing               Defense                  Defense                  
   John Tavares             Kyle Connor              Joe Pavelski             Brayden McNabb           Cody Ceci                

Goaltenders
Starting : Ville Husso              
Backup : Semyon Varlamov          

Extra Forwards
Normal : Sam Bennett, Matt Nieto, Evander Kane - PP : Sam Bennett, Matt Nieto - PK : Sam Bennett
Extra Defensemen
Normal : Jack Johnson, Troy Stecher, Oliver Kylington - PP : Jack Johnson - PK : Jack Johnson, Troy Stecher
Penalty Shots
Joe Pavelski, John Tavares, Kyle Connor, Andrew Mangiapane, Sam Bennett

Scratches
None

CAROLINA Hurricanes

5 vs 5 Forward 
   Center                   Left Wing                Right Wing               Time % Phy DF OF 
 1 Mika Zibanejad           Elias Pettersson         William Nylander         40     1   2  2  
 2 Nazem Kadri              Brady Tkachuk            Travis Konecny           30     1   2  2  
 3 Blake Lizotte            Filip Forsberg           David Perron             20     1   2  2  
 4 Derek Ryan               Noah Cates               Evgeny Svechnikov        10     1   2  2  

5 vs 5 Defense 
   Defense                  Defense                                           Time % Phy DF OF 
 1 Adam Fox                 Brandon Montour                                   40     1   2  2  
 2 Kris Letang              Devon Toews                                       30     1   2  2  
 3 Rasmus Ristolainen       Niko Mikkola                                      20     1   2  2  
 4 Adam Fox                 Brandon Montour                                   10     1   2  2  

PowerPlay Forward 
   Center                   Left Wing                Right Wing               Time % Phy DF OF 
 1 Mika Zibanejad           Brady Tkachuk            William Nylander         60     1   2  2  
 2 Elias Pettersson         David Perron             Travis Konecny           40     1   2  2  

PowerPlay Defense
   Defense                  Defense                                           Time % Phy DF OF 
 1 Adam Fox                 Brandon Montour                                   60     1   2  2  
 2 Kris Letang              Devon Toews                                       40     1   2  2  

Penalty Kill 4 Players Forward 
   Center                   Wing                     Time % Phy DF OF 
 1 Mika Zibanejad           Brady Tkachuk            60     1   2  2  
 2 Elias Pettersson         David Perron             40     1   2  2  

Penalty Kill 4 Players Defense
   Defense                  Defense                  Time % Phy DF OF 
 1 Adam Fox                 Brandon Montour          60     1   2  2  
 2 Kris Letang              Devon Toews              40     1   2  2  

Penalty Kill - 3 Players Forward 
   Forward                                           Time % Phy DF OF 
 1 Mika Zibanejad                                    60     1   2  2  
 2 Elias Pettersson                                  40     1   2  2  

Penalty Kill - 3 Players Defense
   Defense                  Defense                  Time % Phy DF OF 
 1 Adam Fox                 Brandon Montour          60     1   2  2  
 2 Kris Letang              Devon Toews              40     1   2  2  

4 vs 4 Forward 
   Center                   Wing                     Time % Phy DF OF 
 1 Mika Zibanejad           Brady Tkachuk            60     1   2  2  
 2 Elias Pettersson         David Perron             40     1   2  2  

4 vs 4 Defense
   Defense                  Defense                  Time % Phy DF OF 
 1 Adam Fox                 Brandon Montour          60     1   2  2  
 2 Kris Letang              Devon Toews              40     1   2  2  

Last Minutes Offensive
   Center                   Left Wing                Right Wing               Defense                  Defense                  
   Mika Zibanejad           Brady Tkachuk            William Nylander         Adam Fox                 Brandon Montour          

Last Minutes Defensive
   Center                   Left Wing                Right Wing               Defense                  Defense                  
   Mika Zibanejad           Brady Tkachuk            William Nylander         Adam Fox                 Brandon Montour          

Goaltenders
Starting : Alexandar Georgiev       
Backup : Alex Lyon                

Extra Forwards
Normal : Nazem Kadri, David Perron, Travis Konecny - PP : Nazem Kadri, David Perron - PK : Nazem Kadri
Extra Defensemen
Normal : Devon Toews, Rasmus Ristolainen, Niko Mikkola - PP : Devon Toews - PK : Devon Toews, Rasmus Ristolainen
Penalty Shots
Mika Zibanejad, Elias Pettersson, William Nylander, Brady Tkachuk, Nazem Kadri

Scratches
None


% Time on Ice - SAN JOSE Sharks

Lines # - Real PCT - Wanted PCT - Time Play
Normal Forward
1 - 32% - 40% - 15:07
2 - 30% - 30% - 13:51
3 - 24% - 20% - 11:01
4 - 14% - 10% - 6:40
Normal Defense
1 - 38% - 40% - 17:54
2 - 28% - 30% - 13:09
3 - 32% - 20% - 14:56
4 - 1% - 10% - 0:40
PP Forward
1 - 47% - 60% - 2:36
2 - 53% - 40% - 2:53
PP Defense
1 - 52% - 60% - 2:50
2 - 48% - 40% - 2:39
PK Forward
1 - 73% - 60% - 4:40
2 - 27% - 40% - 1:41
PK Defense
1 - 59% - 60% - 3:43
2 - 41% - 40% - 2:38
PK3 Forward
1 - 0% - 60%
2 - 0% - 40%
PK3 Defense
1 - 0% - 60%
2 - 0% - 40%
44 Forward
1 - 67% - 60% - 0:28
2 - 33% - 40% - 0:14
44 Defense
1 - 33% - 60% - 0:14
2 - 67% - 40% - 0:28
Last Minute Offensive  - 0:49
Last Minute Defensive  - 0:00
Total
Forward - 60:00
Defense - 60:00

% Time on Ice - CAROLINA Hurricanes

Lines # - Real PCT - Wanted PCT - Time Play
Normal Forward
1 - 32% - 40% - 15:16
2 - 26% - 30% - 12:14
3 - 24% - 20% - 11:04
4 - 18% - 10% - 8:29
Normal Defense
1 - 37% - 40% - 17:28
2 - 33% - 30% - 15:26
3 - 29% - 20% - 13:27
4 - 1% - 10% - 0:42
PP Forward
1 - 62% - 60% - 3:56
2 - 38% - 40% - 2:25
PP Defense
1 - 49% - 60% - 3:07
2 - 51% - 40% - 3:14
PK Forward
1 - 72% - 60% - 3:28
2 - 28% - 40% - 1:21
PK Defense
1 - 49% - 60% - 2:23
2 - 51% - 40% - 2:26
PK3 Forward
1 - 45% - 60% - 0:18
2 - 55% - 40% - 0:22
PK3 Defense
1 - 20% - 60% - 0:08
2 - 80% - 40% - 0:32
44 Forward
1 - 67% - 60% - 0:28
2 - 33% - 40% - 0:14
44 Defense
1 - 33% - 60% - 0:14
2 - 67% - 40% - 0:28
Last Minute Offensive  - 0:00
Last Minute Defensive  - 0:25
Total
Forward - 60:00
Defense - 60:00

Play-by-Play

1st period


0:01 of 1st period - John Tavares wins face-off versus Mika Zibanejad in neutral zone.
0:20 of 1st period - Shot by John Tavares.
0:20 of 1st period - Stopped by Alexandar Georgiev with a rebound.
0:34 of 1st period - Shot by Joe Pavelski.
0:34 of 1st period - Shot Misses the Net.
0:36 of 1st period - Shot by Cody Ceci.
0:36 of 1st period - Shot Blocked by Elias Pettersson.
0:54 of 1st period - Shot by Sam Bennett.
0:54 of 1st period - Stopped by Alexandar Georgiev without a rebound.
0:55 of 1st period - Nick Cousins wins face-off versus Nazem Kadri in CAROLINA Hurricanes zone.
1:03 of 1st period - Cam Atkinson is hit by Kris Letang and loses puck.
1:12 of 1st period - Shot by Travis Konecny.
1:12 of 1st period - Stopped by Ville Husso with a rebound.
1:14 of 1st period - Shot by Brady Tkachuk.
1:14 of 1st period - Goal by Brady Tkachuk - SAN JOSE Sharks : 0 - CAROLINA Hurricanes : 1.
1:15 of 1st period - Blake Lizotte wins face-off versus Sam Bennett in neutral zone.
1:40 of 1st period - Shot by Sam Bennett.
1:40 of 1st period - Shot Blocked by Rasmus Ristolainen.
2:11 of 1st period - Brady Tkachuk is hit by Evander Kane and loses puck.
2:42 of 1st period - Shot by Travis Konecny.
2:42 of 1st period - Shot Misses the Net.
2:46 of 1st period - Shot by Brady Tkachuk.
2:46 of 1st period - Shot Blocked by Brayden McNabb.
2:56 of 1st period - Shot by Cody Ceci.
2:56 of 1st period - Deflect By Brett Howden.
2:56 of 1st period - Stopped by Alexandar Georgiev without a rebound.
2:57 of 1st period - Derek Ryan wins face-off versus John Tavares in CAROLINA Hurricanes zone.
3:04 of 1st period - Troy Stecher is hit by Evgeny Svechnikov and loses puck.
3:27 of 1st period - Icing by Adam Fox.
3:28 of 1st period - Derek Ryan wins face-off versus Nick Cousins in CAROLINA Hurricanes zone.
3:28 of 1st period - Derek Ryan is hit by Nick Cousins.
3:36 of 1st period - Shot by Derek Ryan.
3:36 of 1st period - Stopped by Ville Husso with a rebound.
3:38 of 1st period - Shot by Adam Fox.
3:38 of 1st period - Stopped by Ville Husso without a rebound.
3:39 of 1st period - Mika Zibanejad wins face-off versus Sam Bennett in SAN JOSE Sharks zone.
3:55 of 1st period - John Klingberg is hit by Rasmus Ristolainen.
4:03 of 1st period - Shot by Andrew Mangiapane.
4:03 of 1st period - Shot Misses the Net.
4:05 of 1st period - Shot by John Klingberg.
4:05 of 1st period - Stopped by Alexandar Georgiev without a rebound.
4:06 of 1st period - John Tavares wins face-off versus Nazem Kadri in CAROLINA Hurricanes zone.
4:33 of 1st period - Shot by Joe Pavelski.
4:33 of 1st period - Shot Blocked by Adam Fox.
4:35 of 1st period - Shot by Brayden McNabb.
4:35 of 1st period - Stopped by Alexandar Georgiev without a rebound.
4:36 of 1st period - Nick Cousins wins face-off versus Elias Pettersson in CAROLINA Hurricanes zone.
5:18 of 1st period - Shot by Elias Pettersson.
5:18 of 1st period - Shot Blocked by Troy Stecher.
5:54 of 1st period - Shot by Kyle Connor.
5:54 of 1st period - Stopped by Alexandar Georgiev without a rebound.
5:55 of 1st period - Nazem Kadri wins face-off versus Sam Bennett in CAROLINA Hurricanes zone.
6:14 of 1st period - Shot by Travis Konecny.
6:14 of 1st period - Stopped by Ville Husso with a rebound.
6:16 of 1st period - Shot by Rasmus Ristolainen.
6:16 of 1st period - Shot Misses the Net.
6:36 of 1st period - Shot by Brady Tkachuk.
6:36 of 1st period - Stopped by Ville Husso without a rebound.
6:37 of 1st period - John Tavares wins face-off versus Blake Lizotte in SAN JOSE Sharks zone.
7:11 of 1st period - David Perron is hit by Brayden McNabb.
8:04 of 1st period - Jack Johnson is hit by William Nylander.
8:12 of 1st period - Shot by John Klingberg.
8:12 of 1st period - Shot Blocked by Kris Letang.
8:15 of 1st period - Austin Watson is hit by Kris Letang and loses puck.
8:25 of 1st period - Icing by Kris Letang.
8:26 of 1st period - Sam Bennett wins face-off versus Mika Zibanejad in CAROLINA Hurricanes zone.
8:26 of 1st period - Andrew Mangiapane is hit by Kris Letang and loses puck.
8:41 of 1st period - Shot by William Nylander.
8:41 of 1st period - Stopped by Ville Husso without a rebound.
8:42 of 1st period - Nazem Kadri wins face-off versus Nick Cousins in SAN JOSE Sharks zone.
8:52 of 1st period - Travis Konecny is hit by Oliver Kylington and loses puck.
9:03 of 1st period - Shot by Nazem Kadri.
9:03 of 1st period - Shot Misses the Net.
9:11 of 1st period - Shot by Nazem Kadri.
9:11 of 1st period - Shot Blocked by Matt Nieto.
9:36 of 1st period - Rasmus Ristolainen is hit by Troy Stecher.
10:02 of 1st period - Elias Pettersson is hit by Nick Cousins and loses puck.
10:17 of 1st period - Shot by William Nylander.
10:17 of 1st period - Shot Misses the Net.
10:19 of 1st period - Shot by William Nylander.
10:19 of 1st period - Stopped by Ville Husso without a rebound.
10:20 of 1st period - Evgeny Svechnikov wins face-off versus John Tavares in SAN JOSE Sharks zone.
10:21 of 1st period - Shot by Noah Cates.
10:21 of 1st period - Shot Blocked by Brayden McNabb.
10:50 of 1st period - Derek Ryan is hit by John Tavares and loses puck.
11:18 of 1st period - Minor Penalty to David Perron for Delaying the game.
11:19 of 1st period - Sam Bennett wins face-off versus Mika Zibanejad in CAROLINA Hurricanes zone.
11:20 of 1st period - Shot by John Klingberg.
11:20 of 1st period - Stopped by Alexandar Georgiev with a rebound.
11:26 of 1st period - Shot by Andrew Mangiapane.
11:26 of 1st period - Stopped by Alexandar Georgiev without a rebound.
11:27 of 1st period - Mika Zibanejad wins face-off versus Sam Bennett in CAROLINA Hurricanes zone.
12:26 of 1st period - Shot by Brayden McNabb.
12:26 of 1st period - Shot Misses the Net.
12:31 of 1st period - Kyle Connor is hit by Kris Letang and loses puck.
12:37 of 1st period - Minor Penalty to Devon Toews for Holding.
12:38 of 1st period - Mika Zibanejad wins face-off versus John Tavares in CAROLINA Hurricanes zone.
13:05 of 1st period - Shot by Brayden McNabb.
13:05 of 1st period - Shot Blocked by Rasmus Ristolainen.
13:22 of 1st period - Andrew Mangiapane is hit by Brandon Montour and loses puck.
14:20 of 1st period - Icing by Brayden McNabb.
14:21 of 1st period - Nazem Kadri wins face-off versus John Tavares in SAN JOSE Sharks zone.
15:10 of 1st period - Rasmus Ristolainen is hit by Austin Watson and loses puck.
16:30 of 1st period - Shot by Kyle Connor.
16:30 of 1st period - Shot Misses the Net.
16:32 of 1st period - Shot by Joe Pavelski.
16:32 of 1st period - Stopped by Alexandar Georgiev without a rebound.
16:33 of 1st period - Sam Bennett wins face-off versus Mika Zibanejad in CAROLINA Hurricanes zone.
16:43 of 1st period - Minor Penalty to Sam Bennett for High sticking.
16:44 of 1st period - Mika Zibanejad wins face-off versus John Tavares in SAN JOSE Sharks zone.
16:47 of 1st period - Shot by Devon Toews.
16:47 of 1st period - Stopped by Ville Husso without a rebound.
16:48 of 1st period - John Tavares wins face-off versus Mika Zibanejad in SAN JOSE Sharks zone.
17:07 of 1st period - Shot by Kris Letang.
17:07 of 1st period - Shot Misses the Net.
17:17 of 1st period - Shot by William Nylander.
17:17 of 1st period - Shot Blocked by Brayden McNabb.
17:52 of 1st period - John Tavares is hit by Kris Letang and loses puck.
18:25 of 1st period - Shot by Brandon Montour.
18:25 of 1st period - Stopped by Ville Husso without a rebound.
18:26 of 1st period - Elias Pettersson wins face-off versus John Tavares in SAN JOSE Sharks zone.
18:27 of 1st period - Shot by Brandon Montour.
18:27 of 1st period - Stopped by Ville Husso with a rebound.
18:39 of 1st period - Shot by Adam Fox.
18:39 of 1st period - Shot Misses the Net.
18:45 of 1st period - Shot by Evander Kane.
18:45 of 1st period - Shot Blocked by Rasmus Ristolainen.
18:47 of 1st period - Shot by Andrew Mangiapane.
18:47 of 1st period - Stopped by Alexandar Georgiev without a rebound.
18:48 of 1st period - Sam Bennett wins face-off versus Derek Ryan in CAROLINA Hurricanes zone.
18:48 of 1st period - Andrew Mangiapane is hit by Niko Mikkola and loses puck.
19:44 of 1st period - Off-side.
19:45 of 1st period - Blake Lizotte wins face-off versus Brett Howden in neutral zone.
19:48 of 1st period - Shot by Brandon Montour.
19:48 of 1st period - Shot Misses the Net.
19:50 of 1st period - Shot by David Perron.
19:50 of 1st period - Goal by David Perron - SAN JOSE Sharks : 0 - CAROLINA Hurricanes : 2.
19:51 of 1st period - John Tavares wins face-off versus Mika Zibanejad in neutral zone.
Goals for this period are 0 for SAN JOSE Sharks vs 2 for CAROLINA Hurricanes.
Shots for this period are 10 for SAN JOSE Sharks vs 12 for CAROLINA Hurricanes.

2nd period


0:01 of 2nd period - Mika Zibanejad wins face-off versus Kyle Connor in neutral zone.
1:16 of 2nd period - Off-side.
1:17 of 2nd period - Blake Lizotte wins face-off versus Sam Bennett in neutral zone.
1:31 of 2nd period - Shot by Sam Bennett.
1:31 of 2nd period - Stopped by Alexandar Georgiev without a rebound.
1:32 of 2nd period - Nick Cousins wins face-off versus Nazem Kadri in CAROLINA Hurricanes zone.
1:34 of 2nd period - Matt Nieto is hit by Kris Letang and loses puck.
1:35 of 2nd period - Minor Penalty to Kris Letang for High sticking.
1:36 of 2nd period - Mika Zibanejad wins face-off versus Sam Bennett in CAROLINA Hurricanes zone.
1:36 of 2nd period - Mika Zibanejad is hit by Sam Bennett.
1:57 of 2nd period - Shot by Andrew Mangiapane.
1:57 of 2nd period - Deflect By Sam Bennett.
1:57 of 2nd period - Stopped by Alexandar Georgiev with a rebound.
1:59 of 2nd period - Shot by Evander Kane.
1:59 of 2nd period - Goal by Evander Kane - SAN JOSE Sharks : 1 - CAROLINA Hurricanes : 2.
2:00 of 2nd period - Blake Lizotte wins face-off versus Nick Cousins in neutral zone.
2:04 of 2nd period - Minor Penalty to David Perron for Hooking.
2:05 of 2nd period - Mika Zibanejad wins face-off versus John Tavares in CAROLINA Hurricanes zone.
2:05 of 2nd period - Mika Zibanejad is hit by John Tavares.
2:34 of 2nd period - Shot by John Tavares.
2:34 of 2nd period - Goal by John Tavares - SAN JOSE Sharks : 2 - CAROLINA Hurricanes : 2.
2:35 of 2nd period - Blake Lizotte wins face-off versus Sam Bennett in neutral zone.
2:37 of 2nd period - Off-side.
2:38 of 2nd period - Sam Bennett wins face-off versus Blake Lizotte in neutral zone.
2:48 of 2nd period - Minor Penalty to Jack Johnson for Holding Stick.
2:49 of 2nd period - Mika Zibanejad wins face-off versus John Tavares in SAN JOSE Sharks zone.
3:20 of 2nd period - Shot by Mika Zibanejad.
3:20 of 2nd period - Shot Misses the Net.
4:05 of 2nd period - Minor Penalty to Devon Toews for Holding.
4:06 of 2nd period - Mika Zibanejad wins face-off versus John Tavares in CAROLINA Hurricanes zone.
4:17 of 2nd period - Shot by Mika Zibanejad.
4:17 of 2nd period - Shot Misses the Net.
4:19 of 2nd period - Shot by Rasmus Ristolainen.
4:19 of 2nd period - Shot Blocked by John Klingberg.
4:31 of 2nd period - Shot by Mika Zibanejad.
4:31 of 2nd period - Shot Misses the Net.
4:33 of 2nd period - Shot by Brady Tkachuk.
4:33 of 2nd period - Stopped by Ville Husso without a rebound.
4:34 of 2nd period - Sam Bennett wins face-off versus Elias Pettersson in SAN JOSE Sharks zone.
4:34 of 2nd period - Sam Bennett is hit by David Perron.
5:04 of 2nd period - Shot by John Klingberg.
5:04 of 2nd period - Stopped by Alexandar Georgiev without a rebound.
5:05 of 2nd period - Mika Zibanejad wins face-off versus Sam Bennett in CAROLINA Hurricanes zone.
5:14 of 2nd period - Shot by Evander Kane.
5:14 of 2nd period - Shot Blocked by Adam Fox.
5:16 of 2nd period - Shot by Brayden McNabb.
5:16 of 2nd period - Stopped by Alexandar Georgiev with a rebound.
5:18 of 2nd period - Shot by Brayden McNabb.
5:18 of 2nd period - Stopped by Alexandar Georgiev without a rebound.
5:19 of 2nd period - Elias Pettersson wins face-off versus John Tavares in CAROLINA Hurricanes zone.
6:05 of 2nd period - Minor Penalty to Cam Atkinson for Slashing.
6:06 of 2nd period - Elias Pettersson wins face-off versus Sam Bennett in SAN JOSE Sharks zone.
6:07 of 2nd period - Shot by Kris Letang.
6:07 of 2nd period - Shot Misses the Net.
6:24 of 2nd period - Travis Konecny is hit by Jack Johnson and loses puck.
7:01 of 2nd period - Jack Johnson is hit by David Perron and loses puck.
7:36 of 2nd period - Shot by Adam Fox.
7:36 of 2nd period - Shot Blocked by Cody Ceci.
8:22 of 2nd period - Shot by Nick Cousins.
8:22 of 2nd period - Shot Misses the Net.
8:24 of 2nd period - Shot by Nick Cousins.
8:24 of 2nd period - Shot Blocked by Rasmus Ristolainen.
8:28 of 2nd period - Shot by Nick Cousins.
8:28 of 2nd period - Shot Misses the Net.
10:02 of 2nd period - Adam Fox is hit by Sam Bennett.
10:25 of 2nd period - Kyle Connor is hit by Brandon Montour and loses puck.
10:32 of 2nd period - Shot by Joe Pavelski.
10:32 of 2nd period - Stopped by Alexandar Georgiev with a rebound.
10:52 of 2nd period - John Tavares is hit by Brandon Montour.
10:56 of 2nd period - Shot by Kyle Connor.
10:56 of 2nd period - Stopped by Alexandar Georgiev without a rebound.
10:57 of 2nd period - Brady Tkachuk wins face-off versus Cam Atkinson in CAROLINA Hurricanes zone.
10:57 of 2nd period - Travis Konecny is hit by Matt Nieto.
11:18 of 2nd period - Shot by Nick Cousins.
11:18 of 2nd period - Shot Blocked by Niko Mikkola.
11:56 of 2nd period - Shot by Filip Forsberg.
11:56 of 2nd period - Stopped by Ville Husso with a rebound.
11:58 of 2nd period - Shot by David Perron.
11:58 of 2nd period - Shot Misses the Net.
12:00 of 2nd period - Shot by David Perron.
12:00 of 2nd period - Shot Blocked by Troy Stecher.
12:02 of 2nd period - Shot by Devon Toews.
12:02 of 2nd period - Shot Misses the Net.
12:14 of 2nd period - Shot by David Perron.
12:14 of 2nd period - Stopped by Ville Husso without a rebound.
12:15 of 2nd period - Joe Pavelski wins face-off versus Derek Ryan in SAN JOSE Sharks zone.
12:30 of 2nd period - Shot by Derek Ryan.
12:30 of 2nd period - Shot Misses the Net.
12:40 of 2nd period - Shot by Kyle Connor.
12:40 of 2nd period - Shot Misses the Net.
13:11 of 2nd period - Kyle Connor is hit by Kris Letang and loses puck.
13:28 of 2nd period - Shot by Andrew Mangiapane.
13:28 of 2nd period - Shot Blocked by Devon Toews.
14:11 of 2nd period - Andrew Mangiapane is hit by Mika Zibanejad and loses puck.
14:38 of 2nd period - Shot by Brett Howden.
14:38 of 2nd period - Stopped by Alexandar Georgiev without a rebound.
14:39 of 2nd period - Nick Cousins wins face-off versus Nazem Kadri in CAROLINA Hurricanes zone.
14:58 of 2nd period - Matt Nieto is hit by Brady Tkachuk and loses puck.
15:19 of 2nd period - Icing by Matt Nieto.
15:20 of 2nd period - Nick Cousins wins face-off versus Filip Forsberg in SAN JOSE Sharks zone.
15:37 of 2nd period - Shot by Filip Forsberg.
15:37 of 2nd period - Shot Misses the Net.
15:39 of 2nd period - Shot by Adam Fox.
15:39 of 2nd period - Shot Misses the Net.
15:57 of 2nd period - Shot by Blake Lizotte.
15:57 of 2nd period - Stopped by Ville Husso without a rebound.
15:58 of 2nd period - Derek Ryan wins face-off versus Sam Bennett in SAN JOSE Sharks zone.
16:20 of 2nd period - Shot by Andrew Mangiapane.
16:20 of 2nd period - Stopped by Alexandar Georgiev with a rebound.
16:22 of 2nd period - Shot by Sam Bennett.
16:22 of 2nd period - Goal by Sam Bennett - SAN JOSE Sharks : 3 - CAROLINA Hurricanes : 2.
16:23 of 2nd period - John Tavares wins face-off versus Mika Zibanejad in neutral zone.
16:34 of 2nd period - Shot by Mika Zibanejad.
16:34 of 2nd period - Shot Blocked by Joe Pavelski.
16:53 of 2nd period - Off-side.
16:54 of 2nd period - Sam Bennett wins face-off versus Nazem Kadri in neutral zone.
17:18 of 2nd period - Shot by Evander Kane.
17:18 of 2nd period - Stopped by Alexandar Georgiev without a rebound.
17:19 of 2nd period - John Tavares wins face-off versus Mika Zibanejad in CAROLINA Hurricanes zone.
17:21 of 2nd period - Kyle Connor is hit by Kris Letang and loses puck.
18:24 of 2nd period - Shot by Travis Konecny.
18:24 of 2nd period - Stopped by Ville Husso with a rebound.
18:29 of 2nd period - Travis Konecny is hit by Brayden McNabb.
Goals for this period are 3 for SAN JOSE Sharks vs 0 for CAROLINA Hurricanes.
Shots for this period are 13 for SAN JOSE Sharks vs 5 for CAROLINA Hurricanes.

3rd period


0:01 of 3rd period - John Tavares wins face-off versus William Nylander in neutral zone.
0:01 of 3rd period - John Tavares is hit by Mika Zibanejad.
0:19 of 3rd period - William Nylander is hit by Brayden McNabb and loses puck.
0:43 of 3rd period - Adam Fox is hit by John Tavares.
0:54 of 3rd period - Off-side.
0:55 of 3rd period - Nazem Kadri wins face-off versus Sam Bennett in neutral zone.
0:55 of 3rd period - Devon Toews is hit by Andrew Mangiapane and loses puck.
2:01 of 3rd period - Cam Atkinson is hit by Niko Mikkola and loses puck.
2:23 of 3rd period - Icing by Matt Nieto.
2:24 of 3rd period - Nick Cousins wins face-off versus Mika Zibanejad in SAN JOSE Sharks zone.
2:24 of 3rd period - Nick Cousins is hit by William Nylander.
2:36 of 3rd period - Shot by Adam Fox.
2:36 of 3rd period - Shot Misses the Net.
2:38 of 3rd period - Shot by Adam Fox.
2:38 of 3rd period - Stopped by Ville Husso without a rebound.
2:39 of 3rd period - John Tavares wins face-off versus Derek Ryan in SAN JOSE Sharks zone.
3:04 of 3rd period - Shot by Derek Ryan.
3:04 of 3rd period - Stopped by Ville Husso without a rebound.
3:05 of 3rd period - Sam Bennett wins face-off versus Mika Zibanejad in SAN JOSE Sharks zone.
3:05 of 3rd period - Sam Bennett is hit by Mika Zibanejad.
3:15 of 3rd period - Shot by William Nylander.
3:15 of 3rd period - Shot Misses the Net.
3:17 of 3rd period - Shot by Elias Pettersson.
3:17 of 3rd period - Shot Misses the Net.
3:19 of 3rd period - Shot by Mika Zibanejad.
3:19 of 3rd period - Goal by Mika Zibanejad - SAN JOSE Sharks : 3 - CAROLINA Hurricanes : 3.
3:20 of 3rd period - Nazem Kadri wins face-off versus John Tavares in neutral zone.
3:26 of 3rd period - Icing by Brayden McNabb.
3:27 of 3rd period - Mika Zibanejad wins face-off versus John Tavares in SAN JOSE Sharks zone.
3:27 of 3rd period - William Nylander is hit by Brayden McNabb and loses puck.
3:31 of 3rd period - Minor Penalty to Brayden McNabb for Cross-checking.
3:32 of 3rd period - Mika Zibanejad wins face-off versus John Tavares in SAN JOSE Sharks zone.
3:35 of 3rd period - Shot by Brady Tkachuk.
3:35 of 3rd period - Shot Blocked by Jack Johnson.
3:55 of 3rd period - Shot by Brandon Montour.
3:55 of 3rd period - Shot Misses the Net.
3:57 of 3rd period - Shot by Brandon Montour.
3:57 of 3rd period - Stopped by Ville Husso with a rebound.
3:59 of 3rd period - Shot by Adam Fox.
3:59 of 3rd period - Shot Misses the Net.
4:37 of 3rd period - Shot by Devon Toews.
4:37 of 3rd period - Goal by Devon Toews - SAN JOSE Sharks : 3 - CAROLINA Hurricanes : 4.
4:38 of 3rd period - Sam Bennett wins face-off versus Derek Ryan in neutral zone.
4:40 of 3rd period - Off-side.
4:41 of 3rd period - Blake Lizotte wins face-off versus Sam Bennett in neutral zone.
4:52 of 3rd period - Shot by Sam Bennett.
4:52 of 3rd period - Shot Blocked by Devon Toews.
4:54 of 3rd period - Shot by Andrew Mangiapane.
4:54 of 3rd period - Shot Misses the Net.
4:56 of 3rd period - Shot by Sam Bennett.
4:56 of 3rd period - Stopped by Alexandar Georgiev without a rebound.
4:57 of 3rd period - Nazem Kadri wins face-off versus Brett Howden in CAROLINA Hurricanes zone.
5:20 of 3rd period - Shot by Brett Howden.
5:20 of 3rd period - Shot Misses the Net.
5:22 of 3rd period - Shot by Matias Maccelli.
5:22 of 3rd period - Stopped by Alexandar Georgiev without a rebound.
5:23 of 3rd period - Mika Zibanejad wins face-off versus Sam Bennett in CAROLINA Hurricanes zone.
6:48 of 3rd period - Shot by Nazem Kadri.
6:48 of 3rd period - Shot Misses the Net.
7:03 of 3rd period - Icing by John Klingberg.
7:04 of 3rd period - Blake Lizotte wins face-off versus John Tavares in SAN JOSE Sharks zone.
8:27 of 3rd period - Devon Toews is hit by Nick Cousins and loses puck.
9:26 of 3rd period - Shot by Andrew Mangiapane.
9:26 of 3rd period - Stopped by Alexandar Georgiev without a rebound.
9:27 of 3rd period - Derek Ryan wins face-off versus Brett Howden in CAROLINA Hurricanes zone.
9:27 of 3rd period - Derek Ryan is hit by Brett Howden.
9:41 of 3rd period - Shot by Noah Cates.
9:41 of 3rd period - Stopped by Ville Husso with a rebound.
9:43 of 3rd period - Shot by Rasmus Ristolainen.
9:43 of 3rd period - Stopped by Ville Husso without a rebound.
9:44 of 3rd period - Nazem Kadri wins face-off versus Nick Cousins in SAN JOSE Sharks zone.
11:12 of 3rd period - Brayden McNabb is hit by Rasmus Ristolainen and loses puck.
11:27 of 3rd period - Brayden McNabb is hit by David Perron and loses puck.
11:58 of 3rd period - Shot by Mika Zibanejad.
11:58 of 3rd period - Stopped by Ville Husso without a rebound.
11:59 of 3rd period - John Tavares wins face-off versus Noah Cates in SAN JOSE Sharks zone.
12:18 of 3rd period - Icing by John Klingberg.
12:19 of 3rd period - John Tavares wins face-off versus Mika Zibanejad in SAN JOSE Sharks zone.
12:24 of 3rd period - Shot by Kyle Connor.
12:24 of 3rd period - Shot Misses the Net.
12:26 of 3rd period - Shot by John Tavares.
12:26 of 3rd period - Stopped by Alexandar Georgiev without a rebound.
12:27 of 3rd period - Mika Zibanejad wins face-off versus Sam Bennett in CAROLINA Hurricanes zone.
12:27 of 3rd period - Mika Zibanejad is hit by Sam Bennett.
12:41 of 3rd period - Shot by Troy Stecher.
12:41 of 3rd period - Shot Misses the Net.
13:31 of 3rd period - Shot by Brady Tkachuk.
13:31 of 3rd period - Shot Hit the Post.
15:22 of 3rd period - Icing by Adam Fox.
15:23 of 3rd period - Derek Ryan wins face-off versus Brett Howden in CAROLINA Hurricanes zone.
15:50 of 3rd period - Shot by Derek Ryan.
15:50 of 3rd period - Stopped by Ville Husso without a rebound.
15:51 of 3rd period - Mika Zibanejad wins face-off versus Sam Bennett in SAN JOSE Sharks zone.
16:22 of 3rd period - Shot by William Nylander.
16:22 of 3rd period - Shot Blocked by Oliver Kylington.
16:30 of 3rd period - Shot by Mika Zibanejad.
16:30 of 3rd period - Stopped by Ville Husso without a rebound.
16:31 of 3rd period - Brett Howden wins face-off versus Nazem Kadri in SAN JOSE Sharks zone.
16:42 of 3rd period - Shot by Brett Howden.
16:42 of 3rd period - Shot Blocked by Nazem Kadri.
17:04 of 3rd period - Travis Konecny is hit by Austin Watson and loses puck.
17:25 of 3rd period - Cody Ceci is hit by Rasmus Ristolainen and loses puck.
17:36 of 3rd period - Shot by David Perron.
17:36 of 3rd period - Shot Misses the Net.
17:38 of 3rd period - Shot by Filip Forsberg.
17:38 of 3rd period - Shot Misses the Net.
17:40 of 3rd period - Shot by Niko Mikkola.
17:40 of 3rd period - Shot Misses the Net.
18:29 of 3rd period - Shot by Elias Pettersson.
18:29 of 3rd period - Stopped by Ville Husso without a rebound.
18:30 of 3rd period - Derek Ryan wins face-off versus John Tavares in SAN JOSE Sharks zone.
18:53 of 3rd period - Shot by Joe Pavelski.
18:53 of 3rd period - Stopped by Alexandar Georgiev without a rebound.
18:54 of 3rd period - Mika Zibanejad wins face-off versus Sam Bennett in CAROLINA Hurricanes zone.
19:01 of 3rd period - SAN JOSE Sharks, Ville Husso is pulled from the net.
19:05 of 3rd period - Shot by Andrew Mangiapane.
19:05 of 3rd period - Shot Blocked by Devon Toews.
19:10 of 3rd period - Icing by Devon Toews.
19:11 of 3rd period - William Nylander wins face-off versus John Tavares in CAROLINA Hurricanes zone.
19:34 of 3rd period - Shot by Joe Pavelski.
19:34 of 3rd period - Stopped by Alexandar Georgiev without a rebound.
19:35 of 3rd period - John Tavares wins face-off versus Mika Zibanejad in CAROLINA Hurricanes zone.
Goals for this period are 0 for SAN JOSE Sharks vs 2 for CAROLINA Hurricanes.
Shots for this period are 6 for SAN JOSE Sharks vs 11 for CAROLINA Hurricanes. Output by the SimonT Hockey Simulator (STHS) for Martin Benoit - Original Page W3C HTML5 Valid
Hockey Simulator - Hockey Simulation - Hockey Manager